 Dungeon Crawl Stone Soup version 0.27.1-2-g3b301248ec (webtiles) character file.

Game seed: 17839199561055746393

91 boopmooplesden the Covered (level 4, -4/41 HPs)
             Began as a Minotaur Fighter on Sept 25, 2021.
             Slain by a gnoll (7 damage)
             ... on level 2 of the Dungeon.
             The game lasted 00:03:27 (1248 turns).

boopmooplesden the Covered (Minotaur Fighter)       Turns: 1248, Time: 00:03:28

Health: -4/41      AC:  7    Str: 22    XL:     4   Next: 33%
Magic:  3/3        EV:  7    Int:  5    God:
Gold:   111        SH:  9    Dex:  9    Spells: 3/3 levels left

rFire    . . .     SeeInvis .   a - +0 long sword
rCold    . . .     Faith    .   c - +0 kite shield
rNeg     . . .     Spirit   .   b - +0 scale mail
rPois    .         Reflect  .   (helmet restricted)
rElec    .         Harm     .   (no cloak)
rCorr    .         Rampage  .   (no gloves)
Will     .....                  (no boots)
Stlth    ..........             (no amulet)
HPRegen  0.13/turn              (no ring)
MPRegen  0.08/turn              (no ring)

@: no status effects
A: horns 2, retaliatory headbutt
a: no special abilities


You were on level 2 of the Dungeon.
You visited 1 branch of the dungeon, and saw 4 of its levels.

You collected 111 gold pieces.

Inventory:

Hand Weapons
 a - a +0 long sword (weapon)
Missiles
 f - 40 poisoned darts (quivered)
Armour
 b - a +0 scale mail (worn)
 c - a +0 kite shield (worn)
Scrolls
 e - a scroll of silence {unknown}
 h - a scroll of fear {unknown}
 i - a scroll of blinking {unknown}
 j - a scroll of noise {unknown}
 k - a scroll of identify {unknown}
 l - a scroll of acquirement {unknown}
Potions
 d - a potion of might
 g - a potion of attraction {unknown}


   Skills:
 + Level 4.6 Fighting
 + Level 2.9 Long Blades
 + Level 4.6 Armour
 + Level 0.5 Dodging
 + Level 0.1 Stealth
 + Level 4.2 Shields


You had 3 spell levels left.
You didn't know any spells.
Your spell library was empty.

Dungeon Overview and Level Annotations

Branches:
Dungeon (4/15)
 Temple: D:4-7

Altars:
Dithmenos

Annotations:
D:2 Sigmund


Innate Abilities, Weirdness & Mutations

You have a pair of horns on your head.
You reflexively headbutt those who attack you in melee.


Message History

Sigmund shouts!
You hear a shout!
Sigmund points at you and mumbles some strange words.
The puff of flame hits you.
A goblin comes into view. It is wielding a +0 dagger.
The goblin shouts!
The gnoll shouts!
You block Sigmund's attack.
You completely miss Sigmund. Sigmund completely misses you.
You riposte.
You closely miss Sigmund. You closely miss Sigmund. Sigmund closely misses you.
The gnoll barely misses you.
You closely miss Sigmund.
The gnoll hits you from afar with a +0 halberd.
Sigmund barely misses you.
You barely miss Sigmund. You block the gnoll's attack.
Sigmund hits you with a +0 scythe.
You slash Sigmund! Your headbutt misses Sigmund.
Sigmund is heavily wounded.
The gnoll hits you but does no damage. You block the gnoll's attack.
Sigmund hits you with a +0 scythe!
You hit Sigmund but do no damage.
Sigmund is moderately wounded.
The gnoll hits you from afar with a +0 halberd.
Sigmund casts a spell.
Sigmund flickers and vanishes!
Deactivating autopickup; reactivate with Ctrl-A.
Your scale mail prevents you from hitting something.
You block the gnoll's attack.
You hear some strange, mumbled words.
A magic dart appears from out of thin air!
The magic dart hits you but does no damage.
You block the gnoll's attack.
You closely miss something. Something hits you but does no damage.
You block the gnoll's attack.
You closely miss something.
The gnoll hits you from afar with a +0 halberd!
* * * LOW HITPOINT WARNING * * *
Something hits you!
* * * LOW HITPOINT WARNING * * *
The gnoll hits you from afar with a +0 halberd!
You die...

.........# #.
.........# #.
.........# . #
.........# .. #
.........# ... #
.........# ...
.........# ..#'#
........##g.....
........@{g.....
##########......
..... .### #


You could see a gnoll and a goblin.

Vanquished Creatures
  3 gnolls (D:2)
  2 adders
  2 worms (D:2)
  An orc (D:3)
  An endoplasm (D:3)
  2 giant cockroaches (D:2)
  4 goblins
  4 hobgoblins
  3 kobolds
  A quokka (D:2)
  5 ball pythons
  4 bats
  A frilled lizard (D:3)
  2 rats (D:2)
35 creatures vanquished.

Notes
Turn   | Place    | Note
-------+----------+-------------------------------------------
     0 | D:1      | boopmooplesden the Minotaur Fighter began the quest for the
                  | Orb.
     0 | D:1      | Reached XP level 1. HP: 19/19 MP: 0/0
     4 | D:1      | You fall into a shaft and drop 1 floor!
    16 | D:2      | You fall into a shaft and drop 2 floors!
    26 | D:4      | Reached XP level 2. HP: 13/27 MP: 1/1
   199 | D:3      | Found a shadowy altar of Dithmenos.
   270 | D:2      | Reached XP level 3. HP: 33/33 MP: 2/2
  1096 | D:2      | Reached XP level 4. HP: 41/41 MP: 3/3
  1236 | D:2      | Noticed Sigmund
  1248 | D:2      | Slain by a gnoll

Illustrated notes

Levels and vault maps discovered:
D:1:      dpeg_arrival_rhombi, layout_rooms, minmay_gold_behind_fungi
D:2:      layout_basic, ebering_ecumenical_altar_sacrificial, st_stairs_2,
          grunt_decor_one_mirror, corexii_corridor_pit, minmay_tromino_i2,
          uniq_sigmund
D:3:      layout_rooms, marbit_many_paths, uniq_grinder
D:4:      layout_cave_pools

Skill      XL: |  1  2  3 |
---------------+----------+-----
Armour         | 4 |  4.6
Fighting       | 4 |  4.6
Shields        | 4 |  4.2
Long Blades    | |  2.9
Dodging        | |  0.5
Stealth        | |  0.1

Action                   |  1- 3 |  4- 6 || total
-------------------------+-------+-------++-------
Melee: Long sword        |    59 |    17 ||    76
       Headbutt          |    13 |     2 ||    15
Armor: Scale mail        |    35 |     5 ||    40
Dodge: Dodged            |    27 |     5 ||    32
Block: Kite shield       |    46 |     9 ||    55
       Rpst.: Long sword |     4 |     1 ||     5
